 Dungeon Crawl Stone Soup version v1.0-4-gf91daec (webtiles) character file.

139 HATECUBE the Insei (level 5, 0/37 HPs)
             Began as a Demonspawn Transmuter on Feb 10, 2018.
             Slain by an ogre
             ... wielding a +0 giant spiked club
              (10 damage)
             ... on level 3 of the Dungeon.
             The game lasted 00:16:33 (2130 turns).

HATECUBE the Insei (Demonspawn Transmuter)          Turns: 2130, Time: 00:16:34

Health: 0/37       AC:  2    Str:  9 (11) XL:     5   Next: 1%
Magic:  1/8        EV: 19    Int: 14 (15) God:
Gold:   53         SH:  0    Dex: 15 (18) Spells: 2/8 levels left

rFire    . . .     SeeInvis .     - Unarmed
rCold    . . .     Gourm    .   (shield currently unavailable)
rNeg     . . .     Faith    .   (armour currently unavailable)
rPois    x         Spirit   .   (helmet currently unavailable)
rElec    .         Reflect  .   (cloak currently unavailable)
rCorr    .         Harm     .   (gloves currently unavailable)
MR       .....                  (boots currently unavailable)
Stlth    ++........             (no amulet)
HPRegen  0.12/turn              (no ring)
MPRegen  0.11/turn              (no ring)

@: lethally poisoned (0 -> -22), spider-form (expiring), very slightly
contaminated
A: tiny, nightstalker 1
a: End Transformation


You were on level 3 of the Dungeon.
You were hungry.
You were a venomous arachnid creature.
You visited 1 branch of the dungeon, and saw 3 of its levels.

You collected 53 gold pieces.

Inventory:

Hand Weapons
 a - a cursed -1 hunting sling (melded)
Missiles
 h - 7 sling bullets
 j - 10 arrows
 k - 95 stones (quivered)
Armour
 b - a +0 robe
 i - a cursed +0 robe (melded)
Scrolls
 g - 4 scrolls of identify
Potions
 e - a potion of heal wounds
 f - 2 potions of curing
Books
 c - a book of Changes

   Spells                             Type                      Level
   a - Beastly Appendage              Transmutation                1
   b - Sticks to Snakes               Transmutation                2
   c - Spider Form                    Transmutation/Poison         3
   d - Ice Form                       Ice/Transmutation            4
   e - Blade Hands                    Transmutation                5
Comestibles
 d - 5 rations


   Skills:
 - Level 1.0 Fighting
 - Level 1.7 Dodging
 + Level 5.2 Unarmed Combat
 - Level 2.0 Spellcasting
 - Level 1.7 Transmutations


You had 2 spell levels left.
You knew the following spells:

 Your Spells              Type           Power        Failure   Level  Hunger
a - Beastly Appendage     Tmut           #.....       28%         1    ##.....
b - Sticks to Snakes      Tmut           #.......     36%         2    ###....
c - Spider Form           Tmut/Pois      #.........   67%         3    ####...


Dungeon Overview and Level Annotations

Branches:
Dungeon (3/15)

Altars:


Innate Abilities, Weirdness & Mutations

((You have sharp fingernails.))
You are slightly more attuned to the shadows.
((You are partially covered in sharp spines.))


Message History

The worker lobster is heavily wounded.
You feel sick. The fat crab misses you. The worker lobster misses you.
You barely miss the worker lobster.
The worker lobster is heavily wounded.
Your transformation is almost over.
You feel sick. The worker lobster misses you. The fat crab barely misses you.
The adder hisses angrily.
You hit the worker lobster but do no dacastercrab.
The worker lobster is poisoned.
The worker lobster is heavily wounded.
You feel sick. The worker lobster closely misses you.
You hit the worker lobster but do no dacastercrab.
The worker lobster looks as sick as possible!
The worker lobster is almost dead.
* * * CRAB GONE DIE * * *
You feel sick.
You kill the worker lobster!
You have reached level 5!
The fat crab hits you with a giant spiked club!
Your journey is over little crab

#. #. # ##.##...##.
#.....#.#.#
####..##....#
..........## ..
#..##..>.##
#.###.....#.[.#
##......##...#
#....%s.###.## #..
##...#.†O..##.#
####.........(.....#.#
....... .....(...(...#
.....# ...........#.#
#...# #..S#.....(..#
#...###(.....(<.#.##
#..gg).O..(.((..#.#
#.#)###g.#.##.#.#.#


You could see an ogre and an adder.

Vanquished Creatures
  A worker ant (D:3)
  4 adders
  3 worms (D:2)
  A dart slug (D:2)
  An orc (D:3)
  4 giant cockroaches
  14 goblins
  6 hobgoblins
  7 jackals (D:2)
  5 bats
  6 frilled lizards
  7 kobolds
  7 rats
66 creatures vanquished.

Notes
Turn   | Place    | Note
-------+----------+-------------------------------------------
     0 | D:1      | HATECUBE the Demonspawn Transmuter began the quest for the Orb.
     0 | D:1      | Reached XP level 1. HP: 15/15 MP: 3/3
    50 | D:1      | Reached skill level 3 in Unarmed Combat
   273 | D:1      | Gained mutation: You are partially covered in sharp spines. [demonic ancestry]
   273 | D:1      | Reached XP level 2. HP: 18/21 MP: 3/5
   374 | D:1      | Learned a level 2 spell: Sticks to Snakes
   949 | D:2      | Gained mutation: You have sharp fingernails. [demonic ancestry]
   949 | D:2      | Reached XP level 3. HP: 12/26 MP: 6/6
  1155 | D:2      | Reached skill level 4 in Unarmed Combat
  1160 | D:2      | Learned a level 3 spell: Spider Form
  1275 | D:2      | Gained mutation: You are slightly more attuned to the shadows. [demonic ancestry]
  1275 | D:2      | Reached XP level 4. HP: 30/32 MP: 5/7
  1893 | D:3      | Reached skill level 5 in Unarmed Combat
  1913 | D:3      | Noticed an ogre
  2130 | D:3      | Reached XP level 5. HP: 10/37 MP: 1/8
  2130 | D:3      | Slain by an ogre

Skill      XL: |  1  2  3  4 |
---------------+-------------+-----
Unarmed Combat | 3 4 5 |  5.2
Fighting       | |  1.0
Dodging        | |  1.7
Spellcasting   | |  2.0
Transmutations | |  1.7

Action                   |  1- 3 |  4- 6 || total
-------------------------+-------+-------++-------
Melee: Unarmed           |   109 |    28 ||   137
       Kick              |     2 |     1 ||     3
       Headbutt          |     4 |     2 ||     6
       Hunting sling     |       |     3 ||     3
       Punch             |       |     1 ||     1
 Fire: Hunting sling     |       |    31 ||    31
 Cast: Beastly Appendage |    18 |     8 ||    26
       Sticks to Snakes  |       |     2 ||     2
       Spider Form       |       |     1 ||     1
  Use: Scroll            |       |     3 ||     3
       Potion            |       |     2 ||     2
  Eat: Chunk             |     2 |     2 ||     4
Armor: Robe              |    19 |     1 ||    20
Dodge: Dodged            |    51 |    30 ||    81
